 Dungeon Crawl Stone Soup version 0.31-a0-202-g547052bce9 (webtiles) character file.

Game seed: 9821146527464345148

13 qw the Shooter (level 2, 0/16 HPs)
             Began as a Deep Elf Hunter on June 26, 2023.
             Slain by a frilled lizard (2 damage)
             ... on level 1 of the Dungeon.
             The game lasted 00:00:06 (279 turns).

qw the Shooter (Deep Elf Hunter)                     Turns: 279, Time: 00:00:06

Health: 0/16       AC:  3    Str:  8    XL:     2   Next: 24%
Magic:  4/4        EV: 12    Int: 13    God:
Gold:   38         SH:  0    Dex: 18    Spells: 1/1 levels left

rFire   . . .        a - +0 shortbow
rCold   . . .        (shield currently unavailable)
rNeg    . . .        c - +0 leather armour
rPois   .            (no helmet)
rElec   .            (no cloak)
rCorr   .            (no gloves)
SInv    .            (no boots)
Will    .....        (no amulet)
Stlth   ++           (no ring)
HPRegen 0.22/turn    (no ring)
MPRegen 0.09/turn

%: no passive effects
@: no status effects
A: no striking features
a: no special abilities


You were on level 1 of the Dungeon.
You visited 1 branch of the dungeon, and saw 1 of its levels.

You collected 38 gold pieces.


   Skills:
 - Level 1.5 Fighting
 + Level 6.1 Ranged Weapons
 - Level 2.4 Dodging
 - Level 1.2 Stealth


You had one spell level left.
You didn't know any spells.
Your spell library was empty.

Inventory:

Hand Weapons
 a - a +0 shortbow (weapon)
Armour
 c - a +0 leather armour (worn)
 d - a +0 ring mail
Scrolls
 b - a scroll of butterflies
Potions
 e - a potion of curing {unknown}

Dungeon Overview and Level Annotations

Branches:
Dungeon (1/15)

Altars:


Message History

You shoot an arrow.
The arrow closely misses the ball python.
The ball python bites you. The ball python constricts you.
The hobgoblin hits you.
You shoot an arrow.
The arrow closely misses the ball python.
The arrow hits the bat.
The bat is severely wounded.
The ball python barely misses you. The ball python constricts you.
The hobgoblin hits you but does no damage.
You shoot an arrow.
The arrow closely misses the ball python.
The arrow hits the bat.
You kill the bat!
The ball python closely misses you. The ball python constricts you.
The hobgoblin barely misses you. The ball python bites you.
The ball python constricts you.
You shoot an arrow.
The arrow completely misses the ball python.
The hobgoblin hits you but does no damage.
The ball python bites you but does no damage.
The ball python constricts you.
You shoot an arrow.
The arrow closely misses the ball python.
The arrow completely misses the frilled lizard.
The hobgoblin closely misses you. The ball python completely misses you.
The ball python constricts you. The hobgoblin closely misses you.
You shoot an arrow. The arrow hits the ball python.
You kill the ball python!
The hobgoblin closely misses you.
You shoot an arrow. The arrow hits the hobgoblin.
The hobgoblin is severely wounded.
The hobgoblin hits you. The frilled lizard bites you.
You shoot an arrow. The arrow closely misses the hobgoblin.
The hobgoblin misses you. The frilled lizard misses you.
You shoot an arrow.
The arrow hits the hobgoblin but does no damage.
The hobgoblin is moderately wounded.
The hobgoblin hits you. The frilled lizard bites you.
You die...

.....###.##..###............####.
.....# ##...## #.#.##.#####.#
#.#### ###%# #.#.##.# #.# #.#####
#.####.#.##.# #.#####
#.....#####......#.##.# #.#....
#####............).##.. ..#....
############.####.. #.#...} #.#
#.. .##... #@# #..# #### #.gl#
....... .......... .....#..#.#
........#.# .... ####.# .... .


You could see a hobgoblin and a frilled lizard.

Vanquished Creatures
  A dart slug (D:1)
  2 hobgoblins (D:1)
  A jackal (D:1)
  4 ball pythons (D:1)
  2 bats (D:1)
  2 rats (D:1)
12 creatures vanquished.

Notes
Turn   | Place    | Note
-------+----------+-------------------------------------------
     0 | D:1      | qw the Deep Elf Hunter began the quest for the Orb.
     0 | D:1      | Reached XP level 1. HP: 12/12 MP: 3/3
     0 | D:1      | 0 ||| qw: Version: 0.3-a-22-g0ed2b0b
     0 | D:1      | 0 ||| qw: Game counter: 6115
     0 | D:1      | 0 ||| qw: Melee chars always use a shield: true
     0 | D:1      | 0 ||| qw: God list: Okawaru
     0 | D:1      | 0 ||| qw: Allow faded altars: false
     0 | D:1      | 0 ||| qw: Do Orc after clearing Dungeon:15 true
     0 | D:1      | 0 ||| qw: Do second Lair branch before Depths: true
     0 | D:1      | 0 ||| qw: Lair rune preference: random
     0 | D:1      | 0 ||| qw: Goals: Normal
     0 | D:1      | 0 ||| PLANNING D:1-11
   107 | D:1      | Reached XP level 2. HP: 16/16 MP: 4/4
   154 | D:1      | Reached skill level 6 in Ranged Weapons
   277 | D:1      | HP: 4/16 [frilled lizard (1)]
   279 | D:1      | Slain by a frilled lizard

Levels and vault maps discovered:
D:1:      giann_wishing_wells, layout_loops_ring, minivault_23, st_stairs_6,
          minmay_tromino_v2

Skill      XL: |  1  2 |
---------------+-------+-----
Ranged Weapons | 6 |  6.1
Fighting       | |  1.5
Dodging        | |  2.4
Stealth        | |  1.2

Action                     || total
---------------------------++-------
   Fire: Shortbow          ||    32
 Armour: Leather armour    ||     3
  Dodge: Dodged            ||    15

Table legend:
 A = Non-vault XP
 B = Vault XP
 C = Vault XP percentage of total XP
 D = Non-vault monster count
 E = Vault monster count
 F = Vault count percentage of total count
                 A         B        C        D         E       F
            +---------+---------+-------+---------+---------+-------
      Total |      14 |       5 |  26.3 |       9 |       3 |  25.0
            +---------+---------+-------+---------+---------+-------
        D:1 |      14 |       5 |  26.3 |       9 |       3 |  25.0
            +---------+---------+-------+---------+---------+-------
